 Dungeon Crawl Stone Soup version 0.24-a0-250-g6074511 (webtiles) character file.

Game seed: 17568571090603107226

630 Borgoz the Cutter (level 7, -1/44 HPs)
             Began as a Kobold Gladiator on Apr 14, 2019.
             Killed by divine providence
             ... invoked by an orc priest
              (11 damage)
             ... on level 4 of the Dungeon.
             The game lasted 00:07:50 (5183 turns).

Borgoz the Cutter (Kobold Gladiator)                Turns: 5183, Time: 00:07:51

Health: -1/44      AC:  5    Str: 14    XL:     7   Next: 77%
Magic:  7/7        EV: 24    Int:  9    God:
Gold:   211        SH:  0    Dex: 21    Spells: 6/6 levels left

rFire    . . .     SeeInvis .   a - +2 dagger (venom)
rCold    . . .     Gourm    .   (shield restricted)
rNeg     . . .     Faith    .   r - +0 leather armour
rPois    .         Spirit   .   s - +0 helmet
rElec    .         Reflect  .   p - +0 cloak
rCorr    .         Harm     .   (no gloves)
MR       .....                  (no boots)
Stlth    +++.......             (no amulet)
HPRegen  0.14/turn              (no ring)
MPRegen  0.10/turn              (no ring)

@: agile
A: small, carnivore
a: no special abilities


You were on level 4 of the Dungeon.
You were very full.

You visited 1 branch of the dungeon, and saw 5 of its levels.

You collected 211 gold pieces.

Inventory:

Hand Weapons
 a - a +2 dagger of venom (weapon)
 b - a +4 short sword
 i - a +0 rapier
Missiles
 d - a throwing net (quivered)
Armour
 p - a +0 cloak (worn)
 r - a +0 leather armour (worn)
 s - a +0 helmet (worn)
Wands
 q - a wand of acid (13)
 u - a wand of scattershot (4)
Scrolls
 c - a scroll of fear {unknown}
 e - a scroll of identify
 g - a scroll of noise {unknown}
 h - a scroll of magic mapping
 l - 3 scrolls of teleportation {unknown}
 m - a scroll of amnesia {unknown}
 n - a scroll of blinking {unknown}
 t - a scroll of fog {unknown}
 v - a scroll of enchant armour {unknown}
Potions
 k - a potion of lignification
Comestibles
 f - 8 rations


   Skills:
 + Level 4.7 Fighting
 + Level 6.5 Short Blades
 - Level 2.2 Throwing
 + Level 3.0 Armour
 + Level 5.9 Dodging


You had 6 spell levels left.
You didn't know any spells.
Your spell library contained the following spells:

 Spells                   Type           Power        Failure   Level  Hunger
 Animate Skeleton         Necr           N/A          45%         1    ##.....
 Apportation              Tloc           #.....       45%         1    ##.....
 Confusing Touch          Hex            #.....       45%         1    ##.....
 Summon Small Mammal      Summ           #...         45%         1    ##.....


Dungeon Overview and Level Annotations

Branches:
Dungeon (5/15)
 Temple: D:4-7

Altars:
Ashenzari
Dithmenos
Elyvilon
Fedhas
Hepliaklqana


Innate Abilities, Weirdness & Mutations

You are small and have problems with some larger weapons.
You are carnivorous and can eat meat at any time.


Message History

You are too injured to fight recklessly!
Unknown command.
You feel better.
The orc priest calls down the wrath of Beogh upon you.
Beogh smites you!
* * * LOW HITPOINT WARNING * * *
The orc closely misses you.
The orc throws a tomahawk.
The tomahawk closely misses you.
It was a potion of agility.
You feel agile all of a sudden.
You kill the orc wizard!
The orc completely misses you.
An orc comes into view. It is wielding a +0 club.
The orc closely misses you.
The howler monkey hoots and howls with incredible vigour!
The orc cheers repeatedly, as Orcs often do.
The howler monkey hoots and howls with incredible vigour!
The orc priest invokes the aid of Beogh against you.
Beogh smites you!
You die... ............ #..%..... ..... #h..o# #.... #oooo##

....##
##h.o.##.....#
##.oo##.<...#
#.o.o#.....#
##...#.....##
#...@......#
##.........#
###......#...#
#............##
######...#....#
#...##...#
##...##...##
###.....#....#
##............##


You could see a howler monkey, a hound, an orc priest and 9 orcs.

Vanquished Creatures
  Sigmund (D:2)
  A crimson imp (D:5)
  Crazy Yiuf (D:2)
  2 orc priests (D:3)
  3 worker ants
  Natasha (D:3)
  An iguana (D:4)
  2 orc wizards
  Robin (D:3)
  7 adders
  2 worms
  3 leopard geckos
  6 orcs
  4 giant cockroaches
  13 goblins
  13 hobgoblins
  12 jackals
  3 quokkas
  6 bats
  3 frilled lizards
  5 kobolds
  9 rats
  2 bushes (D:1)
101 creatures vanquished.

Notes
Turn   | Place    | Note
-------+----------+-------------------------------------------
     0 | D:1      | Borgoz the Kobold Gladiator began the quest for the Orb.
     0 | D:1      | Reached XP level 1. HP: 12/12 MP: 1/1
   138 | D:1      | Reached XP level 2. HP: 15/18 MP: 2/2
   538 | D:1      | Reached XP level 3. HP: 15/22 MP: 3/3
  1618 | D:2      | Noticed Sigmund
  1619 | D:2      | Reached skill level 1 in Armour
  1633 | D:2      | Killed Sigmund
  1633 | D:2      | Reached skill level 5 in Short Blades
  1633 | D:2      | Reached XP level 4. HP: 16/28 MP: 4/4
  1633 | D:2      | Reached XP level 5. HP: 18/32 MP: 5/5
  1633 | D:2      | Reached XP level 6. HP: 21/37 MP: 6/6
  2165 | D:2      | Found a shadowy altar of Dithmenos.
  2166 | D:2      | Found a blossoming altar of Fedhas.
  2251 | D:2      | Found a runed translucent door.
  2252 | D:2      | Noticed Crazy Yiuf
  2395 | D:2      | Reached skill level 5 in Dodging
  2585 | D:2      | Found a shattered altar of Ashenzari.
  2586 | D:2      | Found a hazy altar of Hepliaklqana.
  2764 | D:2      | Killed Crazy Yiuf
  2896 | D:3      | You fall through a shaft for 2 floors!
  2896 | D:5      | Entered Level 5 of the Dungeon
  3177 | D:3      | Reached XP level 7. HP: 42/43 MP: 7/7
  3306 | D:3      | Noticed Robin
  3538 | D:3      | HP: 2/43 [orc priest/divine providence (11)]
  3540 | D:3      | Reached skill level 6 in Short Blades
  4239 | D:3      | Found a white marble altar of Elyvilon.
  4267 | D:3      | Killed Robin
  4364 | D:3      | Noticed Natasha
  4379 | D:3      | Killed Natasha
  5183 | D:4      | Killed from afar by an orc priest

Levels and vault maps discovered:
D:1:      saegor_arrival_simple_c, layout_loops_ring, serial_forest,
          infiniplex_forest_lined_room_2, infiniplex_forest_clump_medium,
          infiniplex_forest_corner_1, infiniplex_forest_end_3,
          infiniplex_forest_end_1, infiniplex_forest_clump_double,
          infiniplex_forest_fountain
D:2:      layout_loops_ring, nicolae_overflow_hidden_temple, minmay_unequal,
          uniq_crazy_yiuf_cottage, uniq_sigmund
D:3:      wander_river, layout_loops_corners, overflow_temple_1_default,
          first_ration, uniq_robin, uniq_natasha
D:4:      layout_cave_pods
D:5:      layout_basic, lemuel_doored_altar, grunt_gozag_breadcrumbs

Skill      XL: |  1  2  3  4  5  6  7 |
---------------+----------------------+-----
Dodging        | 4 5 |  5.9
Armour         | 2 3 |  3.0
Fighting       | 3 4 |  4.7
Short Blades   | 5 6 |  6.5
Throwing       | |  2.2

Action                   |  1- 3 |  4- 6 |  7- 9 || total
-------------------------+-------+-------+-------++-------
Melee: Rapier            |   378 |   116 |    60 ||   554
       Dagger            |       |       |   107 ||   107
Throw: Throwing net      |     1 |     2 |     1 ||     4
  Use: Potion            |       |       |     6 ||     6
       Scroll            |       |       |     3 ||     3
 Stab: Sleeping          |     1 |       |     1 ||     2
       Held in net/web   |     1 |     1 |       ||     2
  Eat: Chunk             |     9 |     7 |     6 ||    22
Armor: Leather armour    |    20 |    15 |    21 ||    56
Dodge: Dodged            |   103 |    79 |    90 ||   272

Table legend:
 A = Non-vault XP
 B = Vault XP
 C = Vault XP percentage of total XP
 D = Non-vault monster count
 E = Vault monster count
 F = Vault count percentage of total count
                 A         B        C        D         E       F
            +---------+---------+-------+---------+---------+-------
      Total |     551 |     349 |  38.8 |      85 |      14 |  14.1
            +---------+---------+-------+---------+---------+-------
        D:1 |      44 |       0 |   0.0 |      27 |       0 |   0.0
        D:2 |      53 |     285 |  84.3 |      22 |       5 |  18.5
        D:3 |     192 |      64 |  25.0 |      25 |       9 |  26.5
        D:4 |     163 |       0 |   0.0 |       8 |       0 |   0.0
        D:5 |      99 |       0 |   0.0 |       3 |       0 |   0.0
            +---------+---------+-------+---------+---------+-------
